 Dungeon Crawl Stone Soup version 0.32-a0-473-gd044c6f0f0 (webtiles) character file.

Game seed: 13114744633818676910

20839 caek the Fighter (level 12, -12/103 HPs)
             Began as a Coglin Chaos Knight on Feb 26, 2024.
             Was a High Priest of Okawaru.
             Killed from afar by a molten gargoyle (27 damage)
             ... with a bolt of magma
             ... in a volcano.
             The game lasted 00:29:17 (10165 turns).

caek the Fighter (Coglin Chaos Knight)             Turns: 10165, Time: 00:29:20

Health: -12/103    AC: 12    Str: 21 (22) XL:     12   Next: 83%
Magic:  15/15      EV: 12    Int: 11      God:    Okawaru [*****.]
Gold:   401        SH:  0    Dex: 18 (19) Spells: 11/11 levels left

rFire   . . .        H - +7 Throatcutter {drain, coup de grace}
rCold   . . .        i - +1 long sword (elec) {Waldo}
rNeg    . . .        c - +0 scale mail "Segegu" {Str+7}
rPois   +            g - +0 helmet
rElec   .            y - +0 cloak
rCorr   .            r - +2 pair of gloves
SInv    .            (no boots)
Will    .....        d - amulet of regeneration Stlth
                     (ring unavailable)
HPRegen 1.17/turn    (ring unavailable)
MPRegen 0.14/turn

%: clarity
@: no status effects
A: off-hand wielding, slow wielding, warmup strikes, no rings, agile 1, clarity,
deterioration 1, poison resistance
a: Renounce Religion, Heroism, Finesse, Duel


You were in a volcano.
You worshipped Okawaru.
Okawaru was extremely pleased with you.
You visited 3 branches of the dungeon, and saw 15 of its levels.
You also visited: Ossuary and Volcano.

You collected 915 gold pieces.
You spent 514 gold pieces at shops.

Inventory:

Hand Weapons
 i - a +1 long sword of electrocution (offhand) {Waldo}
 H - the +7 Throatcutter (weapon) {drain, coup de grace}
   (You found it on level 6 of the Dungeon)
Missiles
 C - 2 silver javelins
 F - 2 throwing nets (quivered)
Armour
 c - the +0 scale mail "Segegu" (worn) {Str+7}
   (You bought it in a shop on level 9 of the Dungeon)

   Str+7:     It affects your strength (+7).
 g - a +0 helmet (worn)
 r - a +2 pair of gloves (worn)
 y - a +0 cloak (worn)
Jewellery
 d - an amulet of regeneration (around neck)
Wands
 w - a wand of roots (4)
 z - a wand of flame (4)
 E - a wand of mindburst (9)
 G - a wand of polymorph (10)
Scrolls
 a - a scroll of brand weapon {unknown}
 e - 9 scrolls of teleportation
 f - 2 scrolls of fear
 k - a scroll of blinking {unknown}
 l - a scroll of acquirement {unknown}
 m - 2 scrolls of enchant weapon
 o - a scroll of noise
 t - 3 scrolls of immolation
 u - 2 scrolls of revelation
 x - a scroll of enchant armour {unknown}
 B - 2 scrolls of fog
 J - 3 scrolls of vulnerability
 M - a scroll of amnesia {unknown}
Potions
 b - a potion of resistance {unknown}
 h - 3 potions of lignification
 n - 3 potions of curing
 p - 2 potions of attraction
 q - 2 potions of cancellation
 s - a potion of enlightenment
 v - 5 potions of magic
 A - 5 potions of haste
 D - a potion of berserk rage
 I - 3 potions of brilliance
Miscellaneous
 K - a condenser vane


   Skills:
 + Level 12.7 Fighting
 + Level 12.6 Long Blades
 - Level 8.1 Axes
 - Level 4.0 Armour
 + Level 4.3 Dodging
 - Level 5.0 Invocations


You had 11 spell levels left.
You didn't know any spells.
Your spell library contained the following spells:

 Spells                   Type           Power      Damage    Failure   Level
 Apportation              Tloc           0%         N/A       67%         1
 Necrotise                Necr           0%         1d4       67%         1
 Shock                    Conj/Air       0%         1d3       67%         1
 Sting                    Conj/Alch      0%         1d3       67%         1
 Sigil of Binding         Hex            0%         N/A       95%         3
 Swiftness                Air            0%         N/A       95%         3
 Volatile Blastmotes      Fire/Tloc      0%         2d10      95%         3
 Airstrike                Air            0%         2d(0-16)  100%        4
 Cause Fear               Hex            0%         N/A       100%        4
 Dimensional Bullseye     Hex/Tloc       0%         N/A       100%        4
 Fulminant Prism          Conj/Alch      0%         3d5       100%        4
 Iskenderun's Mystic Bla  Conj/Tloc      0%         2d3       100%        4
 Alistair's Intoxication  Alch           0%         N/A       100%        5
 Borgnjor's Vile Clutch   Necr/Erth      0%         N/A       100%        5
 Fireball                 Conj/Fire      0%         3d3       100%        5
 Eringya's Noxious Bog    Alch           0%         4d6       100%        6
 Summon Small Mammal      Summ           Unusable   N/A       N/A         1
 Call Canine Familiar     Summ           Unusable   N/A       N/A         3
 Dragon's Call            Summ           Unusable   N/A       N/A         9

Dungeon Overview and Level Annotations

Branches:
Dungeon (13/15)            Temple (1/1) D:5            Lair (1/5) D:8
    Orc (0/2) D:11        Ossuary (visited)         Volcano (1/1)
 Vaults: D:13-14

Altars:
Ashenzari
Cheibriados
Dithmenos
Elyvilon
Fedhas
Gozag
Hepliaklqana
Kikubaaqudgha
Makhleb
Nemelex Xobeh
Okawaru
Qazlal
Ru
Sif Muna
Trog
Uskayaw
Vehumet
Wu Jian
Xom
Yredelemnul
Zin
The Shining One

Shops:
D:5 *[   D:9 [

Annotations:
D:10 1 runed translucent door, Skryme's ghost, journeyman CoCK
Lair:1 1 transporter, jestert79's ghost, journeyman DrRe


Innate Abilities, Weirdness & Mutations

You can wield a second weapon in your off-hand.
It takes a long time for you to wield or remove held weapons.
Your first few attacks do less damage.
Your grasper-arms cannot wear rings.
You are agile. (Dex +4, Str/Int -1)
You possess an exceptional clarity of mind.
Your body sometimes deteriorates upon taking damage.
Your system is resistant to poisons. (rPois)


Message History

The cyclops shouts!
The salamander hits you from afar with a +2 trident of flaming.
You are engulfed in flames!
The salamander burns you.
A salamander comes into view. It is wielding a +4 trident of flaming.
The salamander hits you with a +2 trident of flaming!
You are engulfed in flames!
The salamander burns you.
You slash the salamander with your +1 long sword of electrocution!
The salamander is lightly wounded.
You slash the salamander with the +7 Throatcutter!
You drain the salamander.
The salamander hits you but does no damage.
As you read the scroll of teleportation, it crumbles to dust.
You feel strangely unstable.
The salamander hits you with a +2 trident of flaming.
You are engulfed in flames!
The salamander burns you. The cyclops hits you!
Your body deteriorates!
You feel weakened.
The salamander hits you from afar with a +2 trident of flaming!
You are engulfed in flames!
* * * LOW HITPOINT WARNING * * *
The salamander burns you.
* * * LOW HITPOINT WARNING * * *
The cyclops throws a large rock.
The large rock closely misses you.
The cyclops throws a large rock.
The large rock barely misses you.
Your surroundings suddenly seem different. 3 molten gargoyles come into view.
The molten gargoyle hits you with a +0 mace!
* * * LOW HITPOINT WARNING * * *
You are engulfed in flames!
* * * LOW HITPOINT WARNING * * *
The molten gargoyle blasts magma at you!
The bolt of magma misses you.
You feel much better.
The molten gargoyle hits you with a +0 mace!
* * * LOW HITPOINT WARNING * * *
You are engulfed in flames!
* * * LOW HITPOINT WARNING * * *
The molten gargoyle blasts magma at you!
The bolt of magma hits you!!
You die...
Xom titters!

# #
~~~§~~#≈#
# .
~§~###≈ #
#. ~§##*#≈
#
#..##~####
#
#....#..≈§
# #....9§§
# #9....#
# #@# .
#9## . #.
## ##


You could see an orb of fire and 3 molten gargoyles.

Vanquished Creatures
  A death yak (Lair:1)
  2 arcanists (D:11)
  9 ugly things (D:11)
  A salamander (Volcano)
  A black mamba (Lair:1)
  A torpor snail (Lair:1)
  A cane toad (Lair:1)
  3 gargoyles
  Maggie (D:9)
  A kobold demonologist (D:11)
  3 komodo dragons
  4 trolls
  10 blink frogs (Lair:1)
  4 water elementals (D:11)
  12 yaks
  2 wyverns
  2 shadows
  4 steam dragons
  A basilisk (D:8)
  A wraith (D:10)
  2 vampire mosquitoes (D:10)
  Menkaure (D:4)
  An acid dragon (D:10)
  4 water moccasins
  2 orc warriors
  A sky beast (D:8)
  An ice beast (D:6)
  A black bear (D:5)
  2 ogres (D:6)
  A wolf (D:8)
  2 phantoms
  Blork the orc (D:6)
  9 kobold brigands
  5 bullfrogs
  5 scorpions
  5 wights (D:8)
  4 mutant beasts
  7 howler monkeys
  2 bombardier beetles
  8 orc priests
  6 hounds
  2 jellies (D:7)
  2 gnoll boudas
  A sleepcap (D:8)
  7 orc wizards
  11 iguanas
  7 scorpion zombies (D:6)
  8 mummies (Ossuary)
  3 adders
  15 gnolls
  A howler monkey skeleton (D:6)
  A river rat (D:2)
  A white imp (D:5)
  5 dart slugs
  A ribbon worm (D:2)
  40 orcs
  6 bats
  8 endoplasms
  4 giant cockroaches
  A gnoll zombie (Ossuary)
  8 goblins
  10 hobgoblins
  11 jackals
  8 kobolds
  6 quokkas
  7 ball pythons
  5 frilled lizards
  4 hobgoblin zombies (Ossuary)
  2 kobold zombies (Ossuary)
  An orc zombie (Ossuary)
  7 rats
327 creatures vanquished.

Vanquished Creatures (others)
  A gnoll (D:8)
1 creature vanquished.

Grand Total: 328 creatures vanquished

Notes
Turn   | Place    | Note
-------+----------+-------------------------------------------
     0 | D:1      | caek the Coglin Chaos Knight began the quest for the Orb.
     0 | D:1      | Reached XP level 1. HP: 18/18 MP: 1/1
   103 | D:1      | Reached XP level 2. HP: 24/24 MP: 2/2
   313 | D:1      | Reached XP level 3. HP: 28/29 MP: 3/3
   551 | D:1      | XOM: cloud trail
   793 | D:2      | Reached XP level 4. HP: 37/37 MP: 4/4
   819 | D:2      | Identified the +1 leather armour "Qaantarr" {rC+ Slay+3}
  1180 | D:2      | XOM: polymorph hobgoblin -> river rat
  1398 | D:3      | Found a broken altar of Ashenzari.
  1405 | D:3      | Reached XP level 5. HP: 33/42 MP: 5/5
  1651 | D:3      | Found a faded altar of an unknown god.
  1834 | D:4      | XOM: stealth player
  1855 | D:4      | Reached XP level 6. HP: 41/49 MP: 6/6
  1966 | D:4      | XOM: scenery: summon butterflies
  2174 | D:4      | XOM: 7-stop teleportation journey
  2177 | D:4      | Reached skill level 5 in Fighting
  2177 | D:4      | Reached skill level 5 in Axes
  2220 | D:4      | Noticed Menkaure
  2224 | D:4      | XOM: cleaving
  2225 | D:4      | Killed Menkaure
  2226 | D:4      | Reached XP level 7. HP: 49/56 MP: 7/7
  2494 | D:4      | XOM: scenery: summon butterflies
  2631 | D:5      | Entered Level 5 of the Dungeon
  2642 | D:5      | XOM: give mutation
  2642 | D:5      | Gained mutation: You possess an exceptional clarity of
                  | mind. [Xom's grace]
  2656 | D:5      | Found a staircase to the Ecumenical Temple.
  2680 | Temple   | Entered the Ecumenical Temple
  2737 | Temple   | Fell from the grace of Xom
  2737 | Temple   | Became a worshipper of Warmaster Okawaru
  2837 | D:5      | XOM: scenery: 1 doors close
  2965 | D:5      | Reached skill level 1 in Invocations
  2969 | D:5      | Reached XP level 8. HP: 23/64 MP: 8/8
  3278 | D:5      | Found Houm's Antique Armour Shoppe.
  3316 | D:5      | Found Voniuk's Assorted Antiques.
  3416 | D:5      | Reached * piety under Okawaru
  3485 | D:5      | Bought an encrusted ring mail for 180 gold pieces
  3485 | D:5      | Identified the +1 ring mail "Lisekol" {rC+ Will+ rCorr
                  | Int+6} (You bought it in a shop on level 5 of the Dungeon)
  3728 | D:5      | XOM: summons 8 hostile demons
  3780 | D:6      | Noticed Blork the orc
  3789 | D:6      | Killed Blork the orc
  4016 | D:6      | Found a sand-covered staircase.
  4034 | Ossuary  | Entered an ossuary
  4059 | Ossuary  | Reached XP level 9. HP: 47/72 MP: 11/11
  4283 | D:6      | Reached ** piety under Okawaru
  4700 | D:6      | Found the +7 Throatcutter {drain, coup de grace}
  4975 | D:7      | Reached skill level 1 in Long Blades
  5146 | D:7      | Reached *** piety under Okawaru
  5235 | D:7      | XOM: chaos upgrade
  5389 | D:7      | Reached skill level 5 in Invocations
  5389 | D:7      | Reached XP level 10. HP: 59/82 MP: 13/13
  5677 | D:7      | Found a basalt altar of Yredelemnul.
  5772 | D:8      | Reached skill level 5 in Long Blades
  5773 | D:8      | XOM: potion effect (attraction)
  5774 | D:8      | Reached **** piety under Okawaru
  5938 | D:8      | Found a staircase to the Lair.
  6007 | D:8      | Noticed a juvenile stingshock beast
  6279 | D:8      | XOM: silly message
  6362 | D:8      | Killed a juvenile stingshock beast
  6574 | D:8      | Found an opulent altar of Gozag.
  6574 | D:8      | Found a sparkling altar of Nemelex Xobeh.
  6628 | D:8      | XOM: silly message
  6698 | D:9      | XOM: silly message
  6871 | D:9      | Noticed Maggie
  6876 | D:9      | Killed Maggie
  6877 | D:9      | Reached skill level 10 in Fighting
  6892 | D:9      | Found a glowing silver altar of Zin.
  6892 | D:9      | Found Nuoxkipso's Armour Boutique.
  6892 | D:9      | XOM: 10-stop teleportation journey
  6901 | D:9      | Bought the +0 scale mail "Segegu" {Str+7} for 334 gold
                  | pieces
  6930 | D:9      | Reached XP level 11. HP: 90/90 MP: 14/14
  7015 | D:9      | Found a shimmering blue altar of Sif Muna.
  7504 | D:10     | Entered Level 10 of the Dungeon
  7685 | D:10     | XOM: 1-stop teleportation journey
  7866 | D:10     | Reached ***** piety under Okawaru
  7914 | D:10     | Found a runed translucent door.
  7916 | D:10     | Noticed Skryme's ghost (journeyman CoCK)
  7916 | D:10     | Noticed a green ugly thing
  8225 | D:10     | XOM: give mutations
  8225 | D:10     | Gained mutation: Your system is resistant to poisons.
                  | (rPois) [Xom's mischief]
  8225 | D:10     | Gained mutation: Your body sometimes deteriorates upon
                  | taking damage. [Xom's mischief]
  8471 | D:11     | Found a staircase to the Orcish Mines.
  8480 | D:11     | Reached skill level 10 in Long Blades
  8511 | D:11     | Noticed a white ugly thing
  8520 | D:11     | Killed a white ugly thing
  8772 | D:11     | Received a gift from Okawaru
  8904 | D:11     | Noticed a red ugly thing
  8911 | D:11     | Killed a red ugly thing
  9065 | D:11     | Noticed a cyan ugly thing
  9065 | D:11     | Noticed a purple ugly thing
  9065 | D:11     | Noticed a red ugly thing
  9066 | D:11     | Noticed a brown ugly thing
  9067 | D:11     | Noticed a green ugly thing
  9067 | D:11     | Noticed a red ugly thing
  9082 | D:11     | Killed a purple ugly thing
  9085 | D:11     | Killed a purple ugly thing
  9090 | D:11     | Killed a red ugly thing
  9091 | D:11     | Reached XP level 12. HP: 61/100 MP: 13/15
  9098 | D:11     | Received a gift from Okawaru
  9172 | D:11     | Reached skill level 1 in Dodging
  9185 | D:11     | Identified the +4 great sword of the Enormous God {flame,
                  | Fly rF- rC+ MP+9}
  9434 | D:11     | XOM: stat loss: -2 Dex (13/15)
  9564 | D:12     | XOM: give mutation
  9564 | D:12     | Gained mutation: You are agile. (Dex +4, Str/Int -1) [Xom's
                  | mischief]
  9597 | D:13     | Noticed a boulder beetle
  9669 | Lair:1   | Entered Level 1 of the Lair of Beasts
  9685 | Lair:1   | Found a transporter.
  9700 | Lair:1   | Noticed jestert79's ghost (journeyman DrRe)
  9723 | Lair:1   | Received a gift from Okawaru
  9823 | Lair:1   | Noticed a death yak
  9834 | Lair:1   | Killed a death yak
 10005 | Lair:1   | Found a dark tunnel.
 10057 | Volcano  | Entered a volcano
 10164 | Volcano  | Noticed an orb of fire
 10164 | Volcano  | HP: 4/103 [molten gargoyle/+0 mace (11)]
 10165 | Volcano  | Killed from afar by a molten gargoyle

Illustrated notes

Levels and vault maps discovered:
D:1:      minmay_arrival_four_houses, layout_basic
D:2:      layout_basic
D:3:      layout_rooms, mainiacjoe_overflow_cross_hatched,
          hellmonk_ecumenical_altar_run_dry
D:4:      minmay_recursive_quarters, layout_loops_ring, uniq_menkaure
D:5:      layout_basic, minmay_temple_entry_mist, serial_shops,
          nicolae_shop_real_fake_doors, nicolae_shop_statue_plus
D:6:      layout_basic, mainiacjoe_ossuary_entry_find_the_door,
          dilly_guarded_unrand_throatcut, uniq_blork_the_orc
D:7:      layout_gridville, lemuel_tele_altar
D:8:      layout_cave_pools, grunt_temple_overflow_opulence, dpeg_lair_monsters,
          serial_gnoll_camp, gnoll_camp_mini_doghouse, gnoll_camp_mini_hut,
          gnoll_camp_mini_doghouse, gnoll_camp_mini_hut, nicolae_beast_mode
D:9:      layout_irregular_city, mainiacjoe_overflow_two_lobes, serial_shops,
          shop, uniq_maggie
D:10:     layout_basic, ebering_ghost_inner_flame, kennysheep_generic_room_6
D:11:     cheibrodos_breeding_chamber, layout_loops_ring,
          nicolae_underground_beach
D:12:     minmay_the_grid_net [minmay_the_grid_small_cups,
          minmay_the_grid_spikes, minmay_the_grid_doors,
          minmay_the_grid_dragon_b, minmay_the_grid_tree,
          minmay_the_grid_prize_shrinking_boxes], layout_rooms, uniq_frances
D:13:     layout_rooms, dreamdust_mushroom_princess, nicolae_rejected_hall,
          uniq_erolcha, uniq_kirke, uniq_josephine
Temple:   eino_temple_scatter_basement
Lair:1:   layout_cave_pods, gammafunk_ghost_hive, nicolae_volcano_entry_hallway,
          serial_bayou_shore_b, grunt_megastairs_5
Volcano:  hellmonk_zot_springs

Skill      XL: |  1  2  3  4  5  6  7  8  9 10 11 12 |
---------------+-------------------------------------+-----
Fighting       | 4 5 6 7 8 10 11 12 | 12.7
Axes           | 4 5 6 7 8 |  8.1
Armour         | 2 3 4 |  4.0
Invocations    | 1 3 5 |  5.0
Long Blades    | 3 8 11 12 | 12.6
Dodging        | 4 |  4.3

Action                     |  1- 3 |  4- 6 |  7- 9 | 10-12 || total
---------------------------+-------+-------+-------+-------++-------
  Melee: Hand axe          |    68 |    63 |   166 |       ||   297
         Mace              |    38 |     8 |       |       ||    46
         Long sword        |       |    51 |   234 |   616 ||   901
         Spear             |       |     3 |       |       ||     3
 Invoke: Heroism           |       |       |       |     3 ||     3
  Evoke: Wand              |       |       |       |     5 ||     5
    Use: Scroll            |       |       |     2 |    22 ||    24
         Potion            |       |       |       |     3 ||     3
   Stab: Sleeping          |       |     3 |       |       ||     3
         Confused          |       |       |     6 |       ||     6
         Petrifying        |       |       |     1 |       ||     1
 Armour: Leather armour    |    43 |    38 |   173 |    93 ||   347
         Scale mail        |       |       |       |   173 ||   173
  Dodge: Dodged            |    60 |    35 |   119 |   178 ||   392

Table legend: (Time is in decaauts)
 A = Elapsed time spent in this place.
 B = Non-inter-level travel time spent in this place.
 C = Inter-level travel time spent in this place.
 D = Time resting spent in this place.
 E = Time spent auto-exploring this place.
 F = Levels seen in this place.
 G = Mean time per level.
                   A        B        C        D        E       F      G
               +--------+--------+--------+--------+--------+-----+--------+
         Total |  10267 |   9806 |    461 |    293 |   7216 |  17 |  603.9 |
       Dungeon |   9505 |   9078 |    427 |    293 |   6746 |  13 |  731.2 |
        Temple |     75 |     58 |     17 |      0 |      0 |   1 |   75.0 |
          Lair |    382 |    365 |     17 |      0 |    280 |   1 |  382.0 |
       Ossuary |    198 |    198 |      0 |      0 |    134 |   1 |  198.0 |
       Volcano |    104 |    104 |      0 |      0 |     56 |   1 |  104.0 |
               +--------+--------+--------+--------+--------+-----+--------+

Top non-repeatable levels by time:
    D:11: 1194 daAuts
     D:5: 1083 daAuts
     D:6: 998 daAuts
     D:7: 910 daAuts
    D:10: 886 daAuts
     D:9: 856 daAuts
     D:8: 837 daAuts
     D:4: 805 daAuts
     D:2: 737 daAuts
     D:1: 670 daAuts
     D:3: 450 daAuts
  Lair:1: 382 daAuts
 Ossuary: 198 daAuts
 Volcano: 104 daAuts
  Temple: 75 daAuts
